 Dungeon Crawl Stone Soup version 0.30-a0-715-gdb4ae3ece1 (webtiles) character file.

Game seed: 9680934395161120752

686 bmack86 the Chopper (level 7, -5/61 HPs)
             Began as a Minotaur Fighter on Jan 24, 2023.
             Killed from afar by Duvessa (9 damage)
             ... with a puff of flame
             ... on level 6 of the Dungeon.
             The game lasted 00:05:50 (2131 turns).

bmack86 the Chopper (Minotaur Fighter)              Turns: 2131, Time: 00:05:51

Health: -5/61      AC:  8    Str: 23    XL:     7   Next: 35%
Magic:  6/6        EV:  9    Int:  5    God:
Gold:   203        SH:  4    Dex:  9    Spells: 6/6 levels left

rFire   . . .      SeeInvis .    a - +0 war axe (flame)
rCold   . . .      Faith    .    c - +0 buckler
rNeg    . . .      Spirit   .    b - +0 scale mail
rPois   .          Reflect  .    (helmet restricted)
rElec   .          Harm     .    (no cloak)
rCorr   .          Rampage  .    (no gloves)
Will    .....                    n - +0 pair of boots Stlth
                                 l - amulet of regeneration
HPRegen 1.10/turn                (no ring)
MPRegen 0.10/turn                (no ring)

@: no status effects
A: horns 2, retaliatory headbutt
a: no special abilities


You were on level 6 of the Dungeon.
You visited 1 branch of the dungeon, and saw 4 of its levels.

You collected 203 gold pieces.

Inventory:

Hand Weapons
 a - a +0 war axe of flaming (weapon)
 e - a +0 war axe
Missiles
 g - 7 poisoned darts (quivered)
Armour
 b - a +0 scale mail (worn)
 c - a +0 buckler (worn)
 n - a +0 pair of boots (worn)
Jewellery
 l - an amulet of regeneration (around neck)
Scrolls
 j - a scroll of blinking {unknown}
 k - a scroll of fog {unknown}
 m - 2 scrolls of poison {unknown}
 p - a scroll of identify {unknown}
Potions
 d - a potion of might
 f - a potion of invisibility {unknown}
 h - a potion of brilliance {unknown}
 i - a potion of curing {unknown}
 o - a potion of flight {unknown}


   Skills:
 + Level 5.3 Fighting
 * Level 6.2 Axes
 + Level 2.8 Throwing
 + Level 5.3 Armour
 + Level 5.3 Shields


You had 6 spell levels left.
You didn't know any spells.
Your spell library contained the following spells:

 Spells                   Type           Power      Damage    Failure   Level
 Apportation              Tloc           0%         N/A       86%         1
 Beastly Appendage        Tmut           0%         N/A       86%         1
 Magic Dart               Conj           0%         1d3       86%         1
 Searing Ray              Conj           0%         2d4       94%         2
 Wereblood                Tmut           0%         N/A       94%         2
 Spider Form              Tmut/Pois      0%         N/A       99%         3
 Fulminant Prism          Conj/Hex       0%         3d5       100%        4
 Alistair's Intoxication  Tmut/Pois      0%         N/A       100%        5


Dungeon Overview and Level Annotations

Branches:
Dungeon (6/15)
 Temple: D:4-7

Altars:
Elyvilon

Annotations:
D:6 Dowan, Duvessa


Innate Abilities, Weirdness & Mutations

You have a pair of horns on your head.
You reflexively headbutt those who attack you in melee.


Message History

Duvessa attacks as you move away! Duvessa barely misses you.
You furiously retaliate!
You headbutt Duvessa! Something hits you but does no damage.
The orc hits you but does no damage. You block Dowan's attack.
There is a stone staircase leading up, spattered with blood here.
Items here: $ ( ))) [[ †.
Something hits you. The orc attacks as you move away!
The orc hits you but does no damage. The orc misses you.
Dowan zaps a wand.
The puff of flame hits you!
You hit Duvessa but do no damage. You headbutt Duvessa, but do no damage.
Duvessa is moderately wounded.
You hit Dowan but do no damage.
Duvessa zaps a wand.
The puff of flame hits you!
* * * LOW HITPOINT WARNING * * *
The orc hits you from afar with a +0 trident.
* * * LOW HITPOINT WARNING * * *
Dowan hits you but does no damage.
You hit Duvessa but do no damage.
Duvessa is moderately wounded.
You barely miss Dowan. You miss something.
Duvessa hits you with a +2 rapier of protection.
* * * LOW HITPOINT WARNING * * *
Dowan gestures at Duvessa while chanting.
Duvessa seems to speed up.
Something hits you but does no damage. You block the orc's attack.
You block something's attack.
The orc hits you from afar with a +0 trident.
* * * LOW HITPOINT WARNING * * *
Duvessa closely misses you. You furiously retaliate!
You headbutt Duvessa! Dowan closely misses you.
You barely miss something. You barely miss Duvessa. You slash Dowan!
You burn Dowan.
Duvessa says, "When magic and the sword combine, nothing stands against them."
Duvessa hits you with a +2 rapier of protection.
* * * LOW HITPOINT WARNING * * *
Dowan hits you but does no damage. You block the orc's attack.
Something hits you.
* * * LOW HITPOINT WARNING * * *
You barely miss something. You miss Dowan. You hit Duvessa but do no damage.
You block Duvessa's attack.
Duvessa zaps a wand.
The puff of flame hits you!
You die...

....... ..#.... .......
.$..... #. ###.......
.#.####.........
.......o)...#.# #
#.....#eeo....#.#
#...<..@........ ####
...............# ##....
..#####....#...# ...... #
#....# .... .#### #....#
..# ..### #.##.# ##....#
..# ....# #.##.#
#....##...##
.##.###....###..##.##....
...........#...# #.#..#


You could see Duvessa (fast), Dowan and 2 orcs.

Vanquished Creatures
  Pikel (D:6)
  A hound (D:6)
  Jessica (D:2)
  An orc wizard (D:6)
  4 adders (D:2)
  4 gnolls (D:2)
  A white imp (D:6)
  An ufetubus (D:6)
  A worm (D:2)
  A dart slug (D:3)
  5 orcs (D:6)
  8 endoplasms
  3 giant cockroaches
  8 goblins
  5 hobgoblins
  3 jackals (D:3)
  9 kobolds
  3 quokkas
  5 ball pythons
  9 bats
  3 frilled lizards
  3 rats (D:1)
80 creatures vanquished.

Notes
Turn   | Place    | Note
-------+----------+-------------------------------------------
     0 | D:1      | bmack86 the Minotaur Fighter began the quest for the Orb.
     0 | D:1      | Reached XP level 1. HP: 19/19 MP: 0/0
   126 | D:1      | Reached XP level 2. HP: 27/27 MP: 1/1
   168 | D:1      | Reached skill level 3 in Axes
   377 | D:1      | Found a faded altar of an unknown god.
   700 | D:2      | Reached XP level 3. HP: 33/33 MP: 2/2
   952 | D:2      | Reached XP level 4. HP: 40/40 MP: 3/3
  1017 | D:2      | Noticed Jessica
  1027 | D:2      | Killed Jessica
  1028 | D:2      | Reached skill level 1 in Throwing
  1175 | D:2      | Reached skill level 4 in Axes
  1290 | D:2      | Reached XP level 5. HP: 33/47 MP: 4/4
  1590 | D:3      | Found a white marble altar of Elyvilon.
  1812 | D:3      | Identified the +0 trident "Gurphuak" {holy, rF- rC+ Int+9
                  | Dex-5}
  2000 | D:3      | You fall into a shaft and drop 3 floors!
  2009 | D:6      | Noticed a lemure
  2010 | D:6      | Noticed Pikel
  2023 | D:6      | Killed Pikel
  2024 | D:6      | Reached skill level 5 in Fighting
  2024 | D:6      | Reached skill level 6 in Axes
  2024 | D:6      | Reached skill level 5 in Armour
  2024 | D:6      | Reached skill level 5 in Shields
  2024 | D:6      | Reached XP level 6. HP: 27/56 MP: 5/5
  2024 | D:6      | Reached XP level 7. HP: 29/61 MP: 6/6
  2113 | D:6      | Noticed Duvessa
  2115 | D:6      | Noticed Dowan
  2130 | D:6      | HP: 3/61 [Duvessa/+2 rapier of protection (2)]
  2131 | D:6      | Killed from afar by Duvessa

Illustrated notes

Levels and vault maps discovered:
D:1:      minmay_arrival_shattered_statue, layout_loops_ring,
          basic_ecumenical_altar
D:2:      layout_basic, uniq_jessica
D:3:      layout_loops_ring, elyvilon_altar_4
D:6:      layout_rooms, nicolae_gozag_conspicuous_consumption, uniq_pikel,
          uniq_duvessa

Skill      XL: |  1  2  3  4  5 |
---------------+----------------+-----
Axes           | 3 4 6 |  6.2
Fighting       | 4 5 |  5.3
Shields        | 4 5 |  5.3
Armour         | 4 5 |  5.3
Throwing       | 1 2 |  2.8

Action                     |  1- 3 |  4- 6 |  7- 9 || total
---------------------------+-------+-------+-------++-------
  Melee: War axe           |    68 |    72 |    15 ||   155
         Headbutt          |     9 |    10 |     4 ||    23
  Throw: Dart              |       |     4 |       ||     4
    Use: Scroll            |     3 |       |       ||     3
 Armour: Scale mail        |    53 |    26 |    18 ||    97
  Dodge: Dodged            |    41 |    46 |    21 ||   108
  Block: Buckler           |    19 |    10 |     8 ||    37

Table legend: (Time is in decaauts)
 A = Elapsed time spent in this place.
 B = Non-inter-level travel time spent in this place.
 C = Inter-level travel time spent in this place.
 D = Time resting spent in this place.
 E = Time spent auto-exploring this place.
 F = Levels seen in this place.
 G = Mean time per level.
                   A        B        C        D        E       F      G
               +--------+--------+--------+--------+--------+-----+--------+
         Total |   2183 |   2169 |     14 |     29 |   1298 |   4 |  545.8 |
       Dungeon |   2183 |   2169 |     14 |     29 |   1298 |   4 |  545.8 |
               +--------+--------+--------+--------+--------+-----+--------+

Top non-repeatable levels by time:
     D:2: 886 daAuts
     D:1: 636 daAuts
     D:3: 523 daAuts
     D:6: 136 daAuts
